 Dungeon Sprint DCSS version 0.28-a0-730-g892d06dc2c (webtiles) character file.

Game seed: 16702267766800495073

7170 mhtbhm the Deadly Accurate (level 11, -5/85 HPs)
             Began as a Human Hunter on Oct 29, 2021.
             Was a High Priest of Okawaru.
             Slain by a catoblepas (13 damage)
             ... while petrified by a catoblepas
             ... in the Dungeon (Sprint IX: "|||||||||||||||||||||||||||||").
             The game lasted 00:06:32 (1755 turns).

mhtbhm the Deadly Accurate (Human Hunter)           Turns: 1755, Time: 00:06:33

Health: -5/85      AC: 17    Str: 20    XL:     11   Next: 32%
Magic:  17/17      EV:  2    Int: 15    God:    Okawaru [*****.]
Gold:   12         SH:  0    Dex: 18    Spells: 10/10 levels left

rFire   . . .      SeeInvis +   a - +2 scimitar of the Pyrrhic Victory {vorpal, rPois Dex+2}
rCold   . . .      Faith    .   (no shield)
rNeg    + + +      Spirit   .   b - +1 chain mail
rPois   ∞          Reflect  .   (no helmet)
rElec   .          Harm     .   m - +0 cloak
rCorr   .          Rampage  .   u - +0 pair of gloves "Becicuysch" {Str+4 SInv}
Will    .....      NoTele   +   n - +0 pair of boots
Stlth   ..........              (no amulet)
HPRegen 0.24/turn               o - +3 ring of dexterity
MPRegen 0.15/turn               p - +3 ring of intelligence

@: petrified, very slightly contaminated
A: no striking features
a: Renounce Religion, Heroism, Finesse


You were in the Dungeon.
You worshipped Okawaru.
Okawaru was extremely pleased with you.
You visited 1 branch You collected 12 gold pieces.

Inventory:

Hand Weapons
 a - the +2 scimitar of the Pyrrhic Victory (weapon) {vorpal, rPois Dex+2}
   (You found it in the Dungeon)

   It inflicts extra damage upon your enemies.
   Dex:       It affects your dexterity (+2).
   rPois:     It protects you from poison.
Missiles
 c - 5 atropa-tipped darts (quivered)
Armour
 b - a +1 chain mail (worn)
 m - a +0 cloak (worn)
 n - a +0 pair of boots (worn)
 u - the +0 pair of gloves "Becicuysch" (worn) {Str+4 SInv}
   (Okawaru gifted it to you in the Dungeon)

   Str:       It affects your strength (+4).
   SInv:      It lets you see invisible.
Jewellery
 o - a +3 ring of dexterity (left hand)
 p - a +3 ring of intelligence (right hand)
Wands
 l - a wand of acid (4)
Scrolls
 j - 2 scrolls of amnesia
 k - a scroll of fog
 q - 2 scrolls of enchant weapon
 r - 4 scrolls of enchant armour
 s - a scroll of identify
Potions
 d - 3 potions of brilliance
 e - 9 potions of curing
 h - 4 potions of magic
 i - 2 potions of heal wounds
Miscellaneous
 g - a lightning rod (3/4)


   Skills:
 + Level 7.7 Fighting
 + Level 3.2(5.2) Short Blades
 + Level 6.5(6.9) Long Blades
 + Level 17.9 Throwing
 + Level 10.8 Armour
 + Level 8.0 Dodging
 - Level 5.0 Stealth
 * Level 8.3 Invocations
 + Level 5.4 Evocations


You had 10 spell levels left.
You didn't know any spells.
Your spell library was empty.

Dungeon Overview and Level Annotations

Branches:
Dungeon (1/1)

Altars:
Cheibriados
Dithmenos
Elyvilon
Fedhas
Gozag
Hepliaklqana
Kikubaaqudgha
Makhleb
Nemelex Xobeh
Okawaru
Qazlal
Ru
Sif Muna
Trog
Uskayaw
Vehumet
Wu Jian
Xom
Yredelemnul
Zin
The Shining One
Beogh
Jiyva
Lugonu


Message History

The thunderbolt hits the catoblepas!!
You kill the catoblepas!
Okawaru is honoured by your kill.
The thunderbolt hits the catoblepas!
The catoblepas is almost dead.
Okawaru is honoured by your kill.
You feel a bit more experienced.
The lightning rod overheats!
You are engulfed in calcifying dust.
Your limbs have turned to stone.
The catoblepas breathes a plume of calcifying dust at you.
The blast of calcifying dust hits you.
You have turned to stone.
Your lightning rod (3/4) has regained three charges.
Your Long Blades skill increases to level 6!
Your Dodging skill increases to level 8!
Your Invocations skill increases to level 8!
You are engulfed in calcifying dust.
The catoblepas gores you!
You are engulfed in calcifying dust.
You flicker for a moment.
The yak bellows! x2; The death yak bellows!
The catoblepas gores you!!
You are engulfed in calcifying dust.
The yak bellows! x2; The death yak bellows!
The catoblepas breathes a plume of calcifying dust at you.
The blast of calcifying dust hits you but does no damage.
You are engulfed in calcifying dust.
The yak bellows! x2
The catoblepas gores you!
The catoblepas bellows!
The yak bellows!
The death yak bellows!
The catoblepas gores you!
The yak bellows!
The catoblepas bellows!
The yak bellows!
The catoblepas gores you!
* * * LOW HITPOINT WARNING * * *
The yak bellows!
The catoblepas bellows!
The yak bellows!
The death yak bellows!
The catoblepas gores you!!
* * * LOW HITPOINT WARNING * * *
You flicker back into view.
The yak bellows!
The catoblepas bellows!
The yak bellows!
The death yak bellows!
The catoblepas gores you!!
You die...

▓▓▓▓▓▓▓▓▓▓▓▓▓▓▓▓▓▓▓▓▓▓▓▓▓▓▓▓▓▓▓▓▓
_________________'..)...[..'.....
▓▓▓▓▓▓▓▓▓▓▓▓▓▓▓▓▓▓▓▓▓▓▓▓▓▓▓▓▓▓▓▓▓
.................................
▓▓▓▓▓▓▓▓▓▓▓▓▓▓▓▓▓▓▓▓▓▓▓▓▓▓▓▓▓▓▓▓▓
.......'....§...@YYYYY.(
▓▓▓▓▓▓▓▓▓▓▓▓▓▓▓▓▓▓▓▓▓▓▓▓


You could see a death yak, 2 catoblepae and 2 yaks.

Vanquished Creatures
  A rakshasa (D)
  A catoblepas (D)
  A two-headed ogre (D)
  A death yak (D)
  An elephant (D)
  4 cane toads (D)
  A rime drake (D)
  An unseen horror (D)
  3 komodo dragons (D)
  A blink frog (shapeshifter) (D)
  A raiju (shapeshifter) (D)
  3 yaks (D)
  A basilisk (D)
  A vampire mosquito (D)
  An acid dragon (D)
  4 water moccasins (D)
  A black bear (D)
  An orc warrior (D)
  3 bullfrogs (D)
  A howler monkey (D)
  A jelly (D)
  A hound (D)
  A shadow imp (D)
  An adder zombie (D)
  2 dart slugs (D)
  A bat zombie (D)
  A giant cockroach (D)
  A goblin (D)
  A bat (D)
  A rat (D)
43 creatures vanquished.

Notes
Turn   | Place    | Note
-------+----------+-------------------------------------------
     0 | D        | mhtbhm the Human Hunter began the quest for the Orb.
     0 | D        | Reached XP level 1. HP: 16/16 MP: 1/1
    10 | D        | Reached skill level 5 in Throwing
    12 | D        | Reached XP level 2. HP: 16/22 MP: 2/2
   200 | D        | Noticed a black bear
   204 | D        | Reached skill level 7 in Throwing
   204 | D        | Reached skill level 1 in Armour
   204 | D        | Reached XP level 3. HP: 28/28 MP: 3/3
   219 | D        | Killed a black bear
   220 | D        | Reached skill level 9 in Throwing
   220 | D        | Reached XP level 4. HP: 23/35 MP: 4/4
   220 | D        | Reached XP level 5. HP: 26/41 MP: 5/5
   249 | D        | Found a snail-covered altar of Cheibriados.
   249 | D        | Found a shadowy altar of Dithmenos.
   249 | D        | Found a white marble altar of Elyvilon.
   249 | D        | Found a blossoming altar of Fedhas.
   249 | D        | Found an opulent altar of Gozag.
   250 | D        | Found a hazy altar of Hepliaklqana.
   251 | D        | Found a viscous altar of Jiyva.
   252 | D        | Found an ancient bone altar of Kikubaaqudgha.
   253 | D        | Found a corrupted altar of Lugonu.
   254 | D        | Found a burning altar of Makhleb.
   255 | D        | Found a sparkling altar of Nemelex Xobeh.
   256 | D        | Found an iron altar of Okawaru.
   261 | D        | Found a stormy altar of Qazlal.
   262 | D        | Found a sacrificial altar of Ru.
   263 | D        | Found a shimmering blue altar of Sif Muna.
   264 | D        | Found a bloodstained altar of Trog.
   265 | D        | Found a hide-covered altar of Uskayaw.
   266 | D        | Found a radiant altar of Vehumet.
   267 | D        | Found an ornate altar of the Wu Jian Council.
   268 | D        | Became a worshipper of Warmaster Okawaru
   269 | D        | Found a shimmering altar of Xom.
   270 | D        | Found a basalt altar of Yredelemnul.
   271 | D        | Found a glowing silver altar of Zin.
   272 | D        | Found a glowing golden altar of the Shining One.
   387 | D        | Got the +2 scimitar of the Pyrrhic Victory {vorpal, rPois
                  | Dex+2}
   423 | D        | Noticed an orc warrior
   423 | D        | Noticed a two-headed ogre
   423 | D        | Noticed a yak
   438 | D        | Reached skill level 10 in Throwing
   438 | D        | Reached XP level 6. HP: 25/47 MP: 6/6
   449 | D        | Killed an orc warrior
   450 | D        | Reached skill level 11 in Throwing
   450 | D        | Killed a two-headed ogre
   450 | D        | Reached * piety under Okawaru
   450 | D        | Reached ** piety under Okawaru
   450 | D        | Reached *** piety under Okawaru
   451 | D        | Reached skill level 5 in Fighting
   451 | D        | Reached skill level 1 in Short Blades
   451 | D        | Reached skill level 13 in Throwing
   451 | D        | Reached skill level 5 in Armour
   451 | D        | Reached skill level 5 in Dodging
   451 | D        | Reached skill level 1 in Evocations
   451 | D        | Reached XP level 7. HP: 32/56 MP: 7/7
   451 | D        | Reached XP level 8. HP: 35/62 MP: 8/8
   461 | D        | Killed a yak
   462 | D        | Reached skill level 14 in Throwing
   633 | D        | Noticed a blink frog
   633 | D        | Noticed a rakshasa
   633 | D        | Noticed a raiju
   637 | D        | Killed a blink frog
   638 | D        | Reached skill level 1 in Long Blades
   638 | D        | Killed a rakshasa
   638 | D        | Reached **** piety under Okawaru
   638 | D        | Received a gift from Okawaru
   639 | D        | Reached skill level 15 in Throwing
   639 | D        | Reached XP level 9. HP: 55/69 MP: 9/9
   640 | D        | Killed a raiju
   641 | D        | Reached skill level 16 in Throwing
   650 | D        | Killed an unseen horror
   651 | D        | Reached skill level 5 in Stealth
  1174 | D        | Noticed a cane toad
  1174 | D        | Noticed a cane toad
  1177 | D        | Killed a cane toad
  1177 | D        | Reached ***** piety under Okawaru
  1177 | D        | Received a gift from Okawaru
  1177 | D        | Killed a cane toad
  1178 | D        | Reached XP level 10. HP: 71/77 MP: 9/12
  1178 | D        | Noticed an elephant
  1206 | D        | Killed an elephant
  1206 | D        | Received a gift from Okawaru
  1207 | D        | Reached skill level 17 in Throwing
  1207 | D        | Reached skill level 5 in Invocations
  1262 | D        | Noticed a komodo dragon
  1262 | D        | Noticed a cane toad
  1262 | D        | Noticed a cane toad
  1262 | D        | Noticed a rime drake
  1262 | D        | Noticed a komodo dragon
  1266 | D        | Killed a komodo dragon
  1267 | D        | Killed a cane toad
  1267 | D        | Killed a rime drake
  1268 | D        | Reached skill level 10 in Armour
  1268 | D        | Killed a komodo dragon
  1269 | D        | Reached skill level 5 in Long Blades
  1274 | D        | Killed a cane toad
  1274 | D        | Noticed a komodo dragon
  1275 | D        | Reached XP level 11. HP: 50/84 MP: 13/16
  1434 | D        | Identified the +0 pair of gloves "Becicuysch" {Str+4 SInv}
                  | (Okawaru gifted it to you in the Dungeon)
  1434 | D        | Received a gift from Okawaru
  1507 | D        | Noticed a catoblepas
  1507 | D        | Noticed a catoblepas
  1507 | D        | Noticed a catoblepas
  1508 | D        | Noticed a death yak
  1512 | D        | Reached skill level 5 in Evocations
  1697 | D        | Noticed a death yak
  1747 | D        | Killed a catoblepas
  1747 | D        | Killed a death yak
  1755 | D        | Slain by a catoblepas

Illustrated notes

Levels and vault maps discovered:
D:        linesprint [early_d, line_temple, items_1, d_10, items_2, lair_1,
          lair_end, items_3, orc_1, orc_end, items_4, d_15, swamp_1, shoals_1,
          snake_1, spider_1, d_20, vaults_1, items_5, swamp_end, shoals_end,
          snake_end, spider_end, vaults_end, d_27, items_6, zot_1, zot_end,
          crypt_end, forest_end, elf_end, slime_end, tomb_end, abyss_end,
          pan_hell_end]

Skill      XL: |  1  2  3  4  5  6  7  8  9 10 11 |
---------------+----------------------------------+-----
Throwing       | 5 7 9 10 13 15 16 17 | 17.9
Armour         | 1 2 3 5 7 8 10 | 10.8
Dodging        | 3 4 5 6 7 8 |  8.0
Fighting       | 3 5 6 7 |  7.7
Stealth        | 2 3 4 5 |  5.0
Short Blades   | 1 2 3 |  3.2
Evocations     | 1 2 3 4 5 |  5.4
Long Blades    | 2 3 5 6 |  6.5
Invocations    | 3 7 8 |  8.3

Action                   |  1- 3 |  4- 6 |  7- 9 | 10-12 || total
-------------------------+-------+-------+-------+-------++-------
Melee: Short sword       |    11 |     2 |       |       ||    13
       Scimitar          |       |       |    18 |    12 ||    30
Throw: Javelin           |     8 |     6 |     9 |    15 ||    38
       Throwing net      |     1 |     1 |       |       ||     2
       Dart              |       |       |       |     4 ||     4
Invok: Heroism           |       |       |     1 |       ||     1
Evoke: Wand              |       |     4 |     2 |       ||     6
       Lightning rod     |       |       |       |     8 ||     8
  Use: Potion            |     2 |     1 |     1 |     1 ||     5
       Scroll            |     1 |     1 |       |       ||     2
 Stab: Held in net/web   |     1 |       |       |       ||     1
       Invisible         |       |       |       |     1 ||     1
Armor: Leather armour    |     3 |       |       |       ||     3
       Chain mail        |       |       |    24 |    12 ||    36
Dodge: Dodged            |    15 |     1 |     3 |    12 ||    31

Table legend: (Time is in decaauts)
 A = Elapsed time spent in this place.
 B = Non-inter-level travel time spent in this place.
 C = Inter-level travel time spent in this place.
 D = Time resting spent in this place.
 E = Time spent auto-exploring this place.
 F = Levels seen in this place.
 G = Mean time per level.
                   A        B        C        D        E       F      G
               +--------+--------+--------+--------+--------+-----+--------+
         Total |   1744 |   1744 |      0 |   1159 |     77 |   1 | 1744.0 |
       Dungeon |   1744 |   1744 |      0 |   1159 |     77 |   1 | 1744.0 |
               +--------+--------+--------+--------+--------+-----+--------+

Top non-repeatable levels by time:
       D: 1744 daAuts
